 Dungeon Crawl Stone Soup version 0.20.0-15-g7f486f2 (webtiles) character file.

517 NoAnimeNoLife the Cudgeler (level 7, -2/52 HPs)
             Began as a Demonspawn Fighter on June 14, 2017.
             Killed by divine providence
             ... invoked by an orc priest
              (10 damage)
             ... on level 3 of the Dungeon.
             The game lasted 00:04:51 (1817 turns).

NoAnimeNoLife the Cudgeler (Demonspawn Fighter)     Turns: 1817, Time: 00:04:52

Health: -2/52      AC:  9    Str: 16    XL:     7   Next: 0%
Magic:  7/7        EV:  6    Int: 10    God:
Gold:   135        SH:  8    Dex: 14    Spells: 6/6 levels left

rFire    . . .     SeeInvis .   a - +0 flail
rCold    . . .     Gourm    .   c - +0 shield
rNeg     . . .     Faith    .   b - +0 scale mail
rPois    .         Spirit   .   (helmet restricted)
rElec    .         Reflect  .   (no cloak)
rCorr    .         Harm     .   (no gloves)
MR       .....                  (no boots)
Stlth    ..........             (no amulet)
Regen    0.2/turn               (no ring)
MPRegen  0.1/turn               (no ring)

@: flying
A: antennae 1, yellow scales 2
a: no special abilities


You were on level 3 of the Dungeon.
You were hungry.

You visited 1 branch of the dungeon, and saw 3 of its levels.

You collected 135 gold pieces.

Inventory:

Hand Weapons
 a - a +0 flail (weapon)
Armour
 b - a +0 scale mail (worn)
 c - a +0 shield (worn)
Jewellery
 i - an uncursed ring of poison resistance {unknown}
 j - an uncursed ring of poison resistance {unknown}
 r - a cursed ring of loudness {unknown}
 s - a +3 ring of protection {unknown}
 v - a cursed -3 ring of evasion {unknown}
Scrolls
 d - 3 scrolls of fog {unknown}
 e - 3 scrolls of amnesia {unknown}
 g - a scroll of immolation {unknown}
 l - a scroll of teleportation {unknown}
 m - a scroll of magic mapping {unknown}
 o - a scroll of enchant weapon {unknown}
 t - a scroll of identify {unknown}
 u - a scroll of remove curse {unknown}
Potions
 n - a potion of invisibility
Books
 q - a book of Conjurations

   Spells                             Type                      Level
   a - Magic Dart                     Conjuration                  1
   b - Searing Ray                    Conjuration                  2
   c - Dazzling Spray                 Conjuration/Hexes            3
   d - Fulminant Prism                Conjuration/Hexes            4
   e - Force Lance                    Conjuration/Translocation    4
   f - Iskenderun's Mystic Blast      Conjuration                  4
Comestibles
 f - 3 bread rations
 h - 4 royal jellies
 k - 2 fruits
 p - a chunk of flesh


   Skills:
 - Level 3.0 Fighting
 + Level 7.0 Maces & Flails
 - Level 2.6 Armour
 - Level 2.6 Shields


You had 6 spell levels left.
You didn't know any spells.

Dungeon Overview and Level Annotations

Branches:
Dungeon (3/15)

Altars:
Sif Muna
Zin


Innate Abilities, Weirdness & Mutations

You have a pair of small antennae on your head.
You are mostly covered in yellow scales. (AC +3)


Message History

* * * LOW HITPOINT WARNING * * *
You hit the orc.
The orc is almost dead.
The orc hits you but does no damage.
Your shield and scale mail prevent you from hitting the orc.
The orc is almost dead.
The orc hits you with a club.
* * * LOW HITPOINT WARNING * * *
You block the orc's attack.
You hit the orc.
You kill the orc!
You hit the orc priest.
The orc priest is lightly wounded.
The orc priest hits you with a flail.
* * * LOW HITPOINT WARNING * * *
You sock the orc priest!
The orc priest is almost dead.
The orc priest mumbles some strange prayers to Beogh against you.
Beogh smites you!
You die...

#..).......... ..#
#.####
####.#.....#####.##
#....#
...................
#.#####.#
..................
.>.......
####.#.....####...
#.#####.# #.#.....#
#..# #.#
####.#.(...# #..#
#.# #..........#
#o# #.#
#..........#####@#
#.#
#................#
#..
#..............#..#
#..
#..............##.#
#..
#..............# .#
###.
#..........##### .#
#... #..........#
.# #...
#..........# ..
#... #..........#
#...


You could see an orc priest.

Vanquished Creatures
  Grinder (D:3)
  Sigmund (D:2)
  Jessica (D:2)
  Terence (D:2)
  3 adders
  4 gnolls (D:3)
  A worm (D:3)
  2 dart slugs
  A leopard gecko (D:1)
  3 orcs (D:3)
  7 bats
  2 giant cockroaches
  A goblin (D:2)
  6 hobgoblins
  2 quokkas (D:2)
  A ball python (D:1)
  4 frilled lizards
  7 kobolds
  14 rats
62 creatures vanquished.

Notes
Turn   | Place    | Note
-------+----------+-------------------------------------------
     0 | D:1      | NoAnimeNoLife the Demonspawn Fighter began the quest for the Orb.
     0 | D:1      | Reached XP level 1. HP: 18/18 MP: 1/1
    16 | D:1      | Reached skill level 2 in Maces & Flails
    46 | D:1      | Gained mutation: You are partially covered in yellow scales. (AC +2) [demonic ancestry]
    46 | D:1      | Reached XP level 2. HP: 18/24 MP: 2/2
   338 | D:1      | Reached skill level 3 in Maces & Flails
   621 | D:1      | Reached XP level 3. HP: 28/29 MP: 3/3
   686 | D:2      | Noticed Sigmund
   702 | D:2      | Killed Sigmund
   702 | D:2      | Reached skill level 5 in Maces & Flails
   702 | D:2      | Gained mutation: You have a pair of small antennae on your head. [demonic ancestry]
   702 | D:2      | Reached XP level 4. HP: 35/35 MP: 4/4
   702 | D:2      | Reached XP level 5. HP: 41/41 MP: 5/5
   757 | D:2      | Noticed Jessica
   762 | D:2      | Killed Jessica
   772 | D:2      | Found a glowing silver altar of Zin.
  1042 | D:2      | Noticed Terence
  1058 | D:2      | Killed Terence
  1433 | D:3      | Gained mutation: You are mostly covered in yellow scales. (AC +3) [demonic ancestry]
  1433 | D:3      | Reached XP level 6. HP: 42/47 MP: 6/6
  1577 | D:3      | Found a deep blue altar of Sif Muna.
  1592 | D:3      | Noticed Grinder
  1597 | D:3      | Paralysed by Grinder for 4 turns
  1619 | D:3      | Killed Grinder
  1619 | D:3      | Reached skill level 6 in Maces & Flails
  1805 | D:3      | Reached skill level 7 in Maces & Flails
  1805 | D:3      | Reached XP level 7. HP: 15/52 MP: 7/7
  1817 | D:3      | Killed from afar by an orc priest

Skill      XL: |  1  2  3  4  5  6 |
---------------+-------------------+-----
Maces & Flails | 2 3 5 7 |  7.0
Fighting       | |  3.0
Armour         | |  2.6
Shields        | |  2.6

Action                   |  1- 3 |  4- 6 |  7- 9 || total
-------------------------+-------+-------+-------++-------
Melee: Flail             |   104 |   146 |    12 ||   262
  Use: Potion            |     2 |     3 |       ||     5
  Eat: Chunk             |       |     3 |       ||     3
Armor: Scale mail        |    75 |    87 |     2 ||   164
       Skin              |       |     8 |       ||     8
Dodge: Dodged            |    32 |    34 |       ||    66
Block: Shield            |    51 |    89 |     3 ||   143
